 Dungeon Crawl Stone Soup version 0.29-a0-451-gfbfa42419e (webtiles) character file.

Game seed: 16941597619830824702

71732 iguanaiguana the Brawler (level 14, -1/126 (130) HPs)
             Began as a Troll Cinder Acolyte on May 19, 2022.
             Was a High Priest of Ignis.
             Blown up by a lich (69 damage)
             ... with an orb of destruction
             ... on level 3 of the Abyss on May 20, 2022.
             The game lasted 02:11:26 (24517 turns).

iguanaiguana the Brawler (Troll Cinder Acolyte)    Turns: 24517, Time: 02:11:27

HP:   -1/126 (130)  AC: 22    Str: 29    XL:     14   Next: 98%
MP:   14/14         EV:  6    Int: 19    God:    Ignis [*****.]
Gold: 915           SH: 13    Dex:  5    Spells: 15/15 levels left

rFire   + + .      SeeInvis .     - Unarmed
rCold   . . .      Faith    .   s - +4 kite shield of Lethargy {Int+3}
rNeg    . . .      Spirit   .   w - +3 storm dragon scales
rPois   .          Reflect  .   (helmet restricted)
rElec   +          Harm     .   Q - +2 cloak
rCorr   .          Rampage  .   (gloves unavailable)
Will    +....                   (boots unavailable)
Stlth   ..........              (no amulet)
HPRegen 1.11/turn               y - +6 ring of intelligence
MPRegen 0.14/turn               G - ring of protection from fire

@: about to teleport, lightly drained
A: large, unfitting armour, claws 3, regeneration 1, shaggy fur 1, tough skin 1
a: Renounce Religion, Fiery Armour, Foxfire Swarm, Rising Flame


You were on level 3 of the Abyss.
You worshipped Ignis.
Ignis was extremely pleased with you.
You visited 3 branches of the dungeon, and saw 22 of its levels.
You visited the Abyss 1 time.
You also visited: Gauntlet.

You collected 2274 gold pieces.
You spent 1359 gold pieces at shops.

Inventory:

Missiles
 a - 388 stones (quivered)
 b - 33 poisoned darts
 c - 4 boomerangs
 d - 10 large rocks
 t - 3 curare-tipped darts
 u - 3 throwing nets
 I - 4 boomerangs of dispersal
 T - 5 atropa-tipped darts
Armour
 s - the +4 kite shield of Lethargy (worn) {Int+3}
   (You found it on level 2 of the Dungeon)

   Int:       It affects your intelligence (+3).
 w - +3 storm dragon scales (worn)
 A - a scarf of resistance
 Q - a +2 cloak (worn)
Jewellery
 q - a ring of wizardry
 y - a +6 ring of intelligence (left claw)
 C - a ring of ice
 G - a ring of protection from fire (right claw)
Wands
 r - a wand of polymorph (8)
 z - a wand of paralysis (7)
 K - a wand of digging (1) {@v3}
 L - a wand of acid (4) {@v1}
 N - a wand of flame (7)
 O - a wand of charming (6)
Scrolls
 h - 2 scrolls of poison
 j - a scroll of silence
 l - 3 scrolls of blinking {@r4}
 n - 2 scrolls of torment
 o - 3 scrolls of fog
 p - 8 scrolls of teleportation {@r3}
 v - 3 scrolls of noise
 x - a scroll of fear
 E - 2 scrolls of magic mapping {@r5}
 F - a scroll of acquirement
 U - a scroll of immolation
Potions
 e - 2 potions of invisibility
 f - 3 potions of lignification
 g - 7 potions of curing {@q1}
 i - 2 potions of haste {@q4}
 k - 3 potions of might {@q3}
 m - a potion of cancellation
 B - 3 potions of attraction
 D - a potion of berserk rage
 H - 3 potions of brilliance
 J - 3 potions of mutation
 M - 3 potions of flight {Orc shop}
 P - 2 potions of magic
 R - a potion of heal wounds {@q2}
 W - 7 potions of ambrosia
Miscellaneous
 V - a condenser vane (inert)


   Skills:
 - Level 6.0 Fighting
 - Level 12.0 Throwing
 - Level 10.0 Armour
 - Level 4.0 Dodging
 - Level 1.1 Stealth
 - Level 10.0 Shields
 + Level 15.0 Unarmed Combat
 - Level 1.0 Spellcasting
 - Level 2.1 Fire Magic
 - Level 4.0 Evocations


You had 15 spell levels left.
You didn't know any spells.
Your spell library contained the following spells:

 Spells                   Type           Power      Damage    Failure   Level
 Scorch                   Fire           18%        2d6       65%         2
 Necrotize                Necr           0%         1d4       80%         1
 Ensorcelled Hibernation  Hex/Ice        0%         N/A       91%         2
 Static Discharge         Conj/Air       0%         N/A       91%         2
 Sublimation of Blood     Necr           0%         N/A       91%         2
 Wereblood                Tmut           0%         N/A       91%         2
 Conjure Flame            Conj/Fire      5%         6-21      95%         3
 Ignite Poison            Fire/Tmut/Pois 3%         N/A       97%         3
 Spider Form              Tmut/Pois      0%         N/A       99%         3
 Vampiric Draining        Necr           0%         2d6       99%         3
 Anguish                  Hex/Necr       0%         N/A       100%        4
 Animate Armour           Summ/Erth      0%         N/A       100%        4
 Sticky Flame             Conj/Fire      5%         2d3       100%        4
 Summon Ice Beast         Ice/Summ       0%         N/A       100%        4
 Agony                    Necr           0%         N/A       100%        5
 Blade Hands              Tmut           0%         N/A       100%        5
 Fireball                 Conj/Fire      2%         3d4       100%        5
 Freezing Cloud           Conj/Ice/Air   0%         6-21      100%        5
 Lightning Bolt           Conj/Air       0%         1d11      100%        5
 Summon Mana Viper        Hex/Summ       0%         N/A       100%        5
 Iron Shot                Conj/Erth      0%         9d1       100%        6
 Simulacrum               Ice/Necr       0%         N/A       100%        6
 Starburst                Conj/Fire      2%         6d3       100%        6
 Monstrous Menagerie      Summ           0%         N/A       100%        7
 Summon Hydra             Summ           0%         N/A       100%        7
 Ignition                 Fire           4%         3d4       100%        8
 Maxwell's Capacitive Co  Air            0%         ∞         100%        8
 Polar Vortex             Ice            0%         N/A       100%        9


Dungeon Overview and Level Annotations

Branches:
Dungeon (14/15)            Temple (0/1) D:6            Lair (6/6) D:9
  Swamp (0/4) Lair:3        Snake (0/4) Lair:2        Slime (0/5) Lair:6
    Orc (2/2) D:10         Vaults (0/5) D:14        Gauntlet (visited)
    Elf: Orc:2

Altars:
Gozag
Hepliaklqana
Kikubaaqudgha
Makhleb
Nemelex Xobeh
Ru
Trog
Vehumet
Wu Jian
Xom
The Shining One
Beogh
Jiyva

Shops:
D:10 [   Orc:1 *

Annotations:
D:9 exclusion: downstairs
D:10 2 transporters
Orc:2 exclusion: orc sorcerer


Innate Abilities, Weirdness & Mutations

You are too large for most types of armour.
You have claws for hands.
Your natural rate of healing is unusually fast.
You are covered in fur. (AC +1)
You have tough skin. (AC +1)


Message History

Found a gateway leading deeper into the Abyss.
You block the orange demon's attack.
The orange demon hits you but does no damage.
You barely miss the orange demon. You mangle the orange demon!!
The orange demon is moderately wounded.
You block the orange demon's attack. x2
You scratch the orange demon.
The orange demon is heavily wounded.
You block the orange demon's attack. x2
You claw the orange demon!
The orange demon is severely wounded.
The orange demon stings you. You block the orange demon's attack.
You claw the orange demon!
The orange demon is severely wounded.
The orange demon barely misses you.
The orange demon hits you but does no damage.
You claw the orange demon!
You kill the orange demon!
That felt strangely unrewarding.
An iron imp comes into view.
The iron imp shouts!
You mangle the iron imp!!
You kill the iron imp!
That felt strangely unrewarding.
A bone dragon comes into view.
A bone dragon is nearby!
As you read the scroll of teleportation {@r3}, it crumbles to dust.
You feel strangely unstable.
You feel the power of the Abyss delaying your translocation!
The lich shouts!
The lich points at you and mumbles some strange words.
The bolt of cold hits you!!!
Ouch! That really hurt!
* * * LOW HITPOINT WARNING * * *
The lich launches a ball of destructive magic.
An orb of destruction comes into view.
The orb of destruction hits you!!!
Ouch! That really hurt!
You die...

#.#.....#.....#
####...###...#
#.#.....#....##
##...........#
...
#............#.
#...○○.......#...
####.L☼..#....#
##.☼☼###.##..
##..@# ## ##....#
######


You could see a lich.

Vanquished Creatures
  Frances (D:14)
  Kirke (Lair:6)
  A balrug (Abyss:3)
  A dire elephant (Lair:6)
  Josephine (Lair:6)
  3 hydras
  4 boulder beetles
  3 catoblepae
  2 vault guards (D:14)
  3 centaur warriors (D:13)
  A deep troll shaman (Lair:6)
  2 two-headed ogres
  12 death yaks
  An orc high priest (Orc:1)
  2 sun demons (Abyss:3)
  A wretched star (Abyss:3)
  Sonja (Lair:2)
  A sixfirhy (Abyss:3)
  Lodul (D:13)
  9 skeletal warriors
  A bog body (Lair:3)
  2 orc knights
  2 worldbinders (Abyss:3)
  3 ugly things
  2 cyclopes
  A manticore (D:14)
  6 black mambas
  A smoke demon (Abyss:3)
  9 elephants
  Joseph (D:8)
  An apocalypse crab (Abyss:3)
  4 gargoyles (D:12)
  An orange demon (Abyss:3)
  8 cane toads
  2 unseen horrors
  3 kobold demonologists (D:11)
  Psyche (D:8)
  An efreet (Abyss:3)
  An ancient zyme (Abyss:3)
  10 komodo dragons
  2 tengu conjurers (D:8)
  A queen bee (Lair:6)
  5 trolls
  3 meliai (Lair:6)
  4 polar bears
  5 slime creatures
  A polar bear (shapeshifter) (Abyss:3)
  12 blink frogs
  Sigmund (D:6)
  A vampire (D:11)
  2 shadows
  2 wyverns
  A ynoxinul (Abyss:3)
  2 hogs (Lair:6)
  6 wraiths
  A fire elemental (Lair:6)
  4 basilisks
  6 chaos spawn (Abyss:3)
  2 steam dragons (D:7)
  43 yaks
  Grum (D:8)
  9 vampire mosquitoes
  A neqoxec (Abyss:3)
  3 nagas (Lair:2)
  Menkaure (D:6)
  A warg (Orc:1)
  11 water moccasins
  14 orc warriors
  4 large abominations (Abyss:3)
  A black bear (Lair:6)
  4 small abominations (Abyss:3)
  11 ogres
  28 wolves
  8 centaurs
  A phantom (D:5)
  2 kobold brigands
  13 bullfrogs
  A necrophage (D:7)
  4 scorpions
  8 wights
  The ghost of Kazon the Covered, a weakling DgFi (D:3)
  17 killer bees
  6 howler monkeys
  A crimson imp (D:8)
  A bullfrog zombie (D:4)
  A centaur zombie (D:4)
  3 hounds
  14 orc priests
  4 jellies
  2 iron imps (Abyss:3)
  3 iguanas
  A scorpion zombie (D:4)
  16 orc wizards
  2 hound zombies (D:4)
  7 gnolls
  A howler monkey skeleton (D:4)
  10 adders
  A shadow imp (D:7)
  4 white imps
  2 ufetubi
  4 adder zombies (D:4)
  A worm (D:9)
  3 dart slugs
  67 orcs
  9 ball pythons
  6 endoplasms
  4 giant cockroaches
  8 goblins
  8 hobgoblins
  2 jackals (D:3)
  3 quokkas
  4 bats
  4 frilled lizards
  8 kobolds
  9 rats
578 creatures vanquished.

Vanquished Creatures (collateral kills)
  A warg (Orc:1)
  An orc warrior (Orc:1)
  An orc (Orc:1)
3 creatures vanquished.

Vanquished Creatures (others)
  A human (Lair:6)
  29 fungi
  59 plants
  4 starspawn tentacles (Abyss:3)
93 creatures vanquished.

Grand Total: 674 creatures vanquished

Notes
Turn   | Place    | Note
-------+----------+-------------------------------------------
     0 | D:1      | iguanaiguana the Troll Cinder Acolyte began the quest for
                  | the Orb.
     0 | D:1      | Reached XP level 1. HP: 22/22 MP: 1/1
    99 | D:1      | Reached XP level 2. HP: 27/29 MP: 2/2
   274 | D:1      | Reached skill level 1 in Throwing
   428 | D:1      | Reached skill level 4 in Unarmed Combat
   428 | D:1      | Reached XP level 3. HP: 33/36 MP: 3/3
   696 | D:2      | Noticed a scorpion
   704 | D:2      | Killed a scorpion
   705 | D:2      | Reached XP level 4. HP: 41/44 MP: 4/4
   908 | D:2      | Identified the +4 kite shield of Lethargy {Int+3}
  1093 | D:2      | Found a faded altar of an unknown god.
  1226 | D:2      | Reached skill level 5 in Unarmed Combat
  1226 | D:2      | Reached XP level 5. HP: 19/50 MP: 5/5
  1877 | D:3      | Reached skill level 1 in Shields
  1892 | D:3      | Found a runed translucent gate.
  1892 | D:3      | Found a runed translucent gate.
  1892 | D:3      | Found a runed translucent gate.
  1892 | D:3      | Noticed Kazon's ghost (weakling DgFi)
  2359 | D:4      | Reached XP level 6. HP: 54/59 MP: 6/6
  2499 | D:4      | Reached skill level 6 in Unarmed Combat
  2938 | D:5      | Entered Level 5 of the Dungeon
  3016 | D:5      | Reached XP level 7. HP: 66/66 MP: 7/7
  3273 | D:5      | Found an ornate altar of the Wu Jian Council.
  3295 | D:5      | Reached skill level 7 in Unarmed Combat
  4428 | D:6      | Noticed Menkaure
  4510 | D:6      | Killed Menkaure
  4511 | D:6      | Reached XP level 8. HP: 61/74 MP: 8/8
  4611 | D:6      | Found a staircase to the Ecumenical Temple.
  4660 | D:6      | Reached skill level 8 in Unarmed Combat
  4718 | D:6      | Noticed Sigmund
  4728 | D:6      | Killed Sigmund
  5069 | D:6      | Upgraded the game from 0.29-a0-422-gafbd6decc1 to
                  | 0.29-a0-451-gfbfa42419e
  5555 | D:7      | Reached skill level 9 in Unarmed Combat
  5841 | D:7      | Reached skill level 5 in Shields
  5841 | D:7      | Reached XP level 9. HP: 60/80 MP: 9/9
  6169 | D:8      | Noticed Psyche
  6213 | D:8      | Killed Psyche
  6395 | D:8      | Reached skill level 5 in Throwing
  6395 | D:8      | Reached skill level 10 in Unarmed Combat
  6823 | D:8      | Found a sparkling altar of Nemelex Xobeh.
  6931 | D:8      | Noticed a two-headed ogre
  6941 | D:8      | Killed a two-headed ogre
  7126 | D:8      | Noticed Joseph
  7159 | D:8      | Killed Joseph
  7213 | D:8      | Noticed Grum
  7229 | D:8      | Reached XP level 10. HP: 47/88 MP: 10/10
  7374 | D:8      | Found a radiant altar of Vehumet.
  7375 | D:8      | Found a burning altar of Makhleb.
  7421 | D:8      | Killed Grum
  7468 | D:8      | Found the +0 staff of Battle
  7654 | D:9      | Found a glowing golden altar of the Shining One.
  7836 | D:9      | Found a staircase to the Lair.
  7855 | D:9      | Found a sacrificial altar of Ru.
  7907 | D:9      | Reached skill level 10 in Shields
  8049 | D:9      | Found a shimmering altar of Xom.
  8588 | D:10     | Entered Level 10 of the Dungeon
  8593 | D:10     | Noticed an orc knight
  8626 | Lair:1   | Entered Level 1 of the Lair of Beasts
  8726 | Lair:1   | Reached skill level 1 in Evocations
  9306 | Lair:1   | Reached XP level 11. HP: 101/101 MP: 11/11
  9647 | Lair:1   | Reached skill level 5 in Fighting
 10023 | D:10     | Found a hazy altar of Hepliaklqana.
 10023 | D:10     | Found an opulent altar of Gozag.
 10026 | D:10     | Noticed a boulder beetle
 10029 | D:10     | Found a transporter.
 10376 | D:10     | Killed an orc knight
 10377 | D:10     | Reached skill level 1 in Armour
 10377 | D:10     | Reached skill level 1 in Dodging
 10386 | D:10     | Found a staircase to the Orcish Mines.
 10387 | D:10     | Found Untod's Armour Boutique.
 10579 | D:10     | Reached skill level 1 in Stealth
 10795 | D:10     | Found a transporter.
 10994 | D:3      | Killed Kazon's ghost
 11259 | Orc:1    | Entered Level 1 of the Orcish Mines
 11318 | Orc:1    | Noticed an orc knight
 11366 | Orc:1    | Killed an orc knight
 11426 | Orc:1    | Found Nuphis's Assorted Antiques.
 11603 | Orc:1    | Noticed an orc high priest
 11612 | Orc:1    | Killed an orc high priest
 12172 | Orc:2    | Entered Level 2 of the Orcish Mines
 12256 | Orc:2    | Noticed an orc knight
 12398 | Orc:2    | Noticed an orc sorcerer
 12466 | Orc:2    | Paralysed by an orc sorcerer for 2 turns
 12925 | Lair:2   | Noticed Sonja
 12936 | Lair:2   | Killed Sonja
 12944 | Lair:2   | Found a staircase to the Snake Pit.
 12963 | Lair:2   | Reached XP level 12. HP: 101/114 MP: 12/12
 13294 | Lair:2   | Reached skill level 11 in Unarmed Combat
 13590 | Lair:3   | Found a staircase to the Swamp.
 13708 | Lair:3   | Found a gate leading to a gauntlet.
 13717 | Gauntlet | Entered a Gauntlet
 13717 | Gauntlet | Found a large runed translucent door.
 13717 | Gauntlet | Found a large runed translucent door.
 13717 | Gauntlet | Found a large runed translucent door.
 13717 | Gauntlet | Found a large runed translucent door.
 13717 | Gauntlet | Found a large runed translucent door.
 13717 | Gauntlet | Found a large runed translucent door.
 13717 | Gauntlet | Found a runed translucent door.
 13717 | Gauntlet | Found a transporter.
 13717 | Gauntlet | Found a transporter.
 13717 | Gauntlet | Found a runed translucent door.
 13717 | Gauntlet | Found a large runed translucent door.
 13717 | Gauntlet | Found a large runed translucent door.
 13717 | Gauntlet | Found a large runed translucent door.
 13717 | Gauntlet | Found a large runed translucent door.
 13717 | Gauntlet | Found a large runed translucent door.
 13717 | Gauntlet | Found a large runed translucent door.
 13721 | Gauntlet | Found a transporter.
 13721 | Gauntlet | Found a transporter.
 13722 | Gauntlet | Found a large runed translucent door.
 13722 | Gauntlet | Found a large runed translucent door.
 13722 | Gauntlet | Found a large runed translucent door.
 13722 | Gauntlet | Found a large runed translucent door.
 13726 | Gauntlet | Found a runed translucent gate.
 13726 | Gauntlet | Found a runed translucent gate.
 13726 | Gauntlet | Found a runed translucent gate.
 13731 | Gauntlet | Found a transporter.
 13737 | Gauntlet | Noticed a blizzard demon
 13737 | Gauntlet | Noticed a hell beast
 13741 | Gauntlet | Found a transporter.
 13741 | Gauntlet | Found a transporter.
 13765 | Gauntlet | Found a transporter.
 13767 | Gauntlet | Noticed a green death
 13772 | Gauntlet | Found a transporter.
 13784 | Gauntlet | Found a transporter.
 13802 | Gauntlet | Found a transporter.
 13824 | Gauntlet | Found a transporter.
 13870 | Gauntlet | Found a transporter.
 13891 | Gauntlet | Found a transporter.
 13991 | Gauntlet | Found a transporter.
 13995 | Gauntlet | Noticed a catoblepas
 14005 | Gauntlet | Found a transporter.
 14392 | D:10     | Bought +1 storm dragon scales for 1305 gold pieces
 14816 | Lair:3   | Found an ancient bone altar of Kikubaaqudgha.
 14955 | Lair:3   | Reached skill level 12 in Unarmed Combat
 15392 | Orc:1    | Bought a sapphire potion for 27 gold pieces
 15392 | Orc:1    | Bought a fuming golden potion for 27 gold pieces
 15612 | Lair:4   | Noticed a six-headed hydra
 15622 | Lair:4   | Killed a six-headed hydra
 15826 | Lair:4   | Noticed an eight-headed hydra
 15835 | Lair:4   | Killed an eight-headed hydra
 16003 | Lair:4   | Reached skill level 13 in Unarmed Combat
 17246 | Lair:5   | Reached XP level 13. HP: 114/120 MP: 13/13
 17536 | Lair:6   | Entered Level 6 of the Lair of Beasts
 17700 | Lair:6   | Noticed Josephine
 17710 | Lair:6   | Killed Josephine
 17711 | Lair:6   | Reached skill level 14 in Unarmed Combat
 18659 | Lair:6   | Reached skill level 15 in Unarmed Combat
 18861 | Lair:6   | Reached skill level 10 in Throwing
 19059 | Lair:6   | Noticed a dire elephant
 19136 | Lair:6   | Killed a dire elephant
 19172 | Lair:6   | Found the +13 scythe of Curses {drain, Drain}
 19389 | Lair:6   | Noticed Kirke
 19403 | Lair:6   | Killed Kirke
 19715 | Lair:6   | Reached XP level 14. HP: 130/130 MP: 14/14
 19945 | Lair:6   | Found a viscous altar of Jiyva.
 19945 | Lair:6   | Found a staircase to the Slime Pits.
 20607 | D:11     | Reached skill level 5 in Armour
 22046 | D:13     | Noticed Lodul
 22223 | D:13     | Killed Lodul
 22726 | D:13     | Found a bloodstained altar of Trog.
 22974 | D:13     | Identified a scroll of acquirement
 23054 | D:14     | Noticed Frances
 23134 | D:14     | Killed Frances
 23159 | D:14     | Found a gate to the Vaults.
 23314 | D:14     | Reached skill level 10 in Armour
 23421 | D:14     | Found a radiant altar of Vehumet.
 23425 | D:14     | Cast into level 3 of the Abyss (a wizard)
 23458 | Abyss:3  | Noticed a bone dragon
 23621 | Abyss:3  | Noticed a reaper
 23630 | Abyss:3  | Noticed a tentacled starspawn
 23642 | Abyss:3  | Found a corrupted altar of Lugonu.
 23748 | Abyss:3  | Noticed a balrug
 23759 | Abyss:3  | Killed a balrug
 23815 | Abyss:3  | Noticed a starcursed mass
 24217 | Abyss:3  | Noticed a bone dragon
 24383 | Abyss:3  | Noticed a tentacled starspawn
 24476 | Abyss:3  | Noticed a bone dragon
 24511 | Abyss:3  | Noticed a lich
 24517 | Abyss:3  | Blown up by a lich

Illustrated notes

Levels and vault maps discovered:
D:1:      evilmike_arrival_crescent, layout_loops_cross, minivault_14
D:2:      layout_basic, dilly_ecumenical_altar_fadedgnrine,
          minmay_misc_feat_encased
D:3:      layout_rooms, gammafunk_ghost_split
D:4:      layout_loops_cross, serial_undead, serial_undead_b, serial_undead_e,
          serial_undead_b, serial_undead_d, item_on_display_a
D:5:      layout_layer_cave, nicolae_wu_jian_glorious_leap
D:6:      layout_loops_ring, minmay_temple_entry_proselytizer, uniq_menkaure,
          uniq_sigmund
D:7:      layout_cave_pods, kennysheep_generic_room_15
D:8:      layout_basic, grunt_temple_overflow_lords_of_destruction,
          mainiacjoe_overflow_24_doors, st_stairs_9,
          hellmonk_guarded_unrand_staff_of_battle, uniq_psyche, uniq_grum,
          uniq_joseph
D:9:      layout_rooms, mainiacjoe_overflow_tiny_flanked,
          nicolae_ru_path_of_blood, lemuel_doored_altar, lair_entry_dummy
D:10:     layout_irregular_city, gammafunk_temple_overflow_arena, orc_david_3,
          statue_in_the_mist_lemuel
D:11:     layout_cave_pools, serial_glass, glass_columns_a, glass_columns_b
D:12:     layout_roguey, chequers_serial_rivers_micro_a
D:13:     layout_small_grid, tgw_trog, uniq_lodul
D:14:     layout_long_grid, lightli_vaults_fourway_checkpoint,
          nicolae_vehumet_radiance, uniq_frances
Lair:1:   layout_hall_layers, infiniplex_staircase_pool
Lair:2:   layout_regular_city, guppyfry_snake_entry_garden, uniq_sonja
Lair:3:   layout_cave_pods, skrybe_swamp_entry_bodies, basic_altar,
          gauntlet_entry_generic, lemuel_fruit_fields
Lair:4:   layout_cave_pods, small_statue_intersection,
          chequers_serial_rivers_room_a, hangedman_lair_unloving_vines,
          st_stairs_5
Lair:5:   layout_concentric_octagons
Lair:6:   grunt_lair_end_beastmaster, layout_gridlike,
          dpeg_slime_entry_enclosed_altar, special_room [special_room_bee],
          uniq_kirke, uniq_josephine
Orc:1:    layout_caves, serial_shops, shop, basic_altar,
          nicolae_orc_flooded_monolith
Orc:2:    grunt_orc_cross, layout_diamond_mine, serial_shops,
          nicolae_shop_hallway_plus, basic_altar
Abyss:3:  base: Lair:4, nicolae_abyss_rune_star_stuff,
          serial_sigils_hangedman_shear, minivault_19, evilmike_abyss_exit_6,
          evilmike_abyss_exit_chaos, evilmike_abyss_exit_15

Skill      XL: |  1  2  3  4  5  6  7  8  9 10 11 12 13 14 |
---------------+-------------------------------------------+-----
Throwing       | 1 2 3 4 5 8 11 12 | 12.0
Unarmed Combat | 4 5 6 7 9 10 13 15 | 15.0
Shields        | 1 2 3 5 8 10 | 10.0
Fighting       | 4 6 |  6.0
Evocations     | 4 |  4.0
Armour         | 4 10 | 10.0
Dodging        | 4 |  4.0
Stealth        | 1 |  1.1
Spellcasting   | |  1.0
Fire Magic     | |  2.1

Action                   |  1- 3 |  4- 6 |  7- 9 | 10-12 | 13-15 || total
-------------------------+-------+-------+-------+-------+-------++-------
Melee: Unarmed           |    62 |   184 |   268 |   761 |   962 ||  2237
       Punch             |     1 |     1 |       |       |       ||     2
Throw: Stone             |       |       |    36 |    45 |     5 ||    86
       Dart              |       |       |    16 |    49 |   108 ||   173
       Boomerang         |       |       |     6 |    25 |    26 ||    57
       Large rock        |       |       |       |     1 |    10 ||    11
       Throwing net      |       |       |       |       |     1 ||     1
Invok: Fiery Armour      |       |     1 |       |     1 |       ||     2
Evoke: Wand              |       |       |       |    26 |       ||    26
       Condenser vane    |       |       |       |       |     3 ||     3
  Use: Scroll            |       |       |    10 |    14 |    19 ||    43
       Potion            |       |       |     4 |     5 |    10 ||    19
 Stab: Paralysed         |       |       |       |    11 |       ||    11
       Distracted        |       |       |       |     1 |       ||     1
Armor: Robe              |    19 |    65 |    41 |       |       ||   125
       Steam dragon scal |       |       |    14 |   112 |       ||   126
       Storm dragon scal |       |       |       |    69 |   481 ||   550
Dodge: Dodged            |    26 |    48 |    54 |   154 |   158 ||   440
Block: Kite shield       |       |    74 |   130 |   426 |   566 ||  1196

Table legend: (Time is in decaauts)
 A = Elapsed time spent in this place.
 B = Non-inter-level travel time spent in this place.
 C = Inter-level travel time spent in this place.
 D = Time resting spent in this place.
 E = Time spent auto-exploring this place.
 F = Levels seen in this place.
 G = Mean time per level.
                   A        B        C        D        E       F      G
               +--------+--------+--------+--------+--------+-----+--------+
         Total |  24221 |  21393 |   2828 |   1796 |  13282 |  24 | 1009.2 |
       Dungeon |  13446 |  12036 |   1410 |    927 |   8099 |  14 |  960.4 |
          Lair |   7992 |   6894 |   1098 |    501 |   4346 |   6 | 1332.0 |
  Orcish Mines |   1392 |   1073 |    319 |     81 |    546 |   2 |  696.0 |
         Abyss |   1019 |   1019 |      0 |    287 |      0 |   1 | 1019.0 |
      Gauntlet |    370 |    370 |      0 |      0 |    291 |   1 |  370.0 |
               +--------+--------+--------+--------+--------+-----+--------+

Top non-repeatable levels by time:
  Lair:6: 2354 daAuts
     D:8: 1632 daAuts
     D:5: 1424 daAuts
  Lair:1: 1362 daAuts
    D:10: 1321 daAuts
     D:2: 1146 daAuts
  Lair:4: 1145 daAuts
   Orc:1: 1127 daAuts
  Lair:3: 1096 daAuts
  Lair:2: 1041 daAuts
 Abyss:3: 1019 daAuts
  Lair:5: 992 daAuts
    D:13: 992 daAuts
     D:7: 975 daAuts
     D:9: 964 daAuts
